Map: Lerilak Crest

Players

LilDicky - Winner!

  • Race: Terran Terran
  • League: Diamond

Lullaby

  • Race: Protoss Protoss
  • League: Master

VOD

http://www.twitch.tv/tumescentpie

Description

Time

  • Played on: Dec. 5, 2015, 7:11 p.m.
  • Length: 8:11
Show
View Real Time Build Order
Export as new Build Order

LilDicky Terran - Winner!

Build Orders: MMM Bio 

Get SALT Encoding   

  12  0:01  SCV  
  13  0:13  SCV  
  14  0:17  Supply Depot  
  14  0:25  SCV  
  15  0:33  Refinery  
  15  0:39  SCV  
  16  0:46  Barracks  
  16  0:51  SCV  
  17  1:07  SCV  
  18  1:19  SCV  
  19  1:31  SCV  
  20  1:34  Supply Depot  
  20  1:40  Marine  
  20  1:43  Orbital Command  
  21  1:47  Factory  
  21  2:05  Marine  
  21  2:06  Barracks  
  22  2:14  Barracks  
  22  2:15  SCV  
  23  2:19  Refinery  
  23  2:29  Barracks Reactor  
  23  2:35  SCV  
  24  2:47  SCV  
  24  2:48  Supply Depot  
  25  2:54  Barracks Tech Lab  
  25  2:57  Widow Mine  
  27  2:59  SCV  
  27  3:05  Barracks Tech Lab, Marine  
  27  3:06  Marine  
  27  3:11  Supply Depot, SCV  
  30  3:15  Marine  
  30  3:18  Stimpack  
  31  3:22  Combat Shields  
  31  3:23  SCV  
  32  3:34  Widow Mine  
  32  3:37  Marine x2  
  32  3:39  Marine  
  32  3:41  Marine  
  37  3:44  SCV  
  39  3:56  SCV  
  38  4:03  Marauder x2, Marine x2  
  38  4:08  Widow Mine  
  46  4:22  Marine  
  47  4:29  Marauder x2, Engineering Bay, Marine  
  52  4:31  SCV  
  53  4:40  Marine  
  53  4:44  SCV  
  53  4:46  Marine  
  54  4:56  SCV  
  54  4:57  Missile Turret  
  55  5:07  Supply Depot  
  55  5:18  Missile Turret  
  55  5:29  Marauder, Marine x3  
  60  5:47  Marauder, Marine  
  60  5:49  Factory  
  63  5:50  Marine x2  
  49  6:01  SCV  
  44  6:04  Marine  
  44  6:08  Marine x2  
  44  6:09  Command Center, Marine  
  48  6:14  SCV  
  49  6:18  Supply Depot  
  49  6:34  Marine x2  
  49  6:37  Factory Reactor  
  49  6:39  Starport  
  51  6:41  Marine x2  
  51  6:44  Concussive Shells  
  53  6:52  Marine  
  54  6:55  Marine  
  54  6:59  Marauder, Marine  
  58  7:05  Missile Turret  
  58  7:10  Marine  
  58  7:13  Marine  
  58  7:25  Marine  
  58  7:26  Medivac  
Show
View Real Time Build Order
Export as new Build Order

Lullaby Protoss 

Build Orders: Oracle Opening 

Get SALT Encoding   

  12  0:01  Probe (Chrono Boost)  
  13  0:12  Probe (Chrono Boost)  
  14  0:18  Pylon  
  14  0:23  Probe (Chrono Boost)  
  15  0:36  Probe (Chrono Boost)  
  16  0:44  Gateway  
  16  0:47  Probe (Chrono Boost)  
  17  0:52  Assimilator  
  17  0:58  Probe (Chrono Boost)  
  18  1:05  Assimilator  
  18  1:08  Probe (Chrono Boost)  
  19  1:19  Probe (Chrono Boost)  
  20  1:29  Probe (Chrono Boost)  
  21  1:39  Cybernetics Core  
  21  1:42  Probe (Chrono Boost)  
  22  1:55  Nexus  
  22  2:04  Pylon  
  22  2:05  Probe (Chrono Boost)  
  23  2:22  Stargate  
  23  2:26  Adept  
  23  2:29  Mothership Core (Chrono Boost)  
  27  2:39  Warp Gate (Chrono Boost)  
  27  2:47  Probe (Chrono Boost)  
  28  2:55  Gateway  
  28  2:57  Gateway  
  28  2:58  Probe (Chrono Boost)  
  29  3:08  Probe (Chrono Boost)  
  29  3:10  Probe (Chrono Boost)  
  31  3:15  Oracle (Chrono Boost)  
  31  3:19  Probe  
  34  3:21  Probe  
  36  3:30  Probe  
  36  3:33  Probe  
  38  3:35  Sentry  
  38  3:41  Probe  
  33  3:45  Probe  
  35  3:55  Probe  
  35  3:57  Probe  
  37  4:06  Probe  
  37  4:09  Probe, Oracle  
  42  4:22  Pylon  
  42  4:24  Probe x2 (Chrono Boost)  
  39  4:35  Probe (Chrono Boost)  
  39  4:36  Stalker x2, Probe (Chrono Boost)  
  45  4:46  Probe x2 (Chrono Boost)  
  46  4:56  Probe (Chrono Boost)  
  46  4:57  Probe (Chrono Boost)  
  49  5:07  Probe x2 (Chrono Boost)  
  50  5:17  Probe (Chrono Boost)  
  50  5:18  Probe (Chrono Boost)  
  52  5:27  Sentry  
  53  5:31  Pylon  
  53  5:33  Pylon x2  
  52  5:44  Pylon  
  52  5:45  Pylon  
  52  5:53  Zealot x2  
  39  6:02  Nexus  
  39  6:12  Probe (Chrono Boost)  
  40  6:22  Probe (Chrono Boost)  
  34  6:29  Robotics Facility  
  34  6:33  Probe (Chrono Boost)  
  34  6:37  Oracle (Chrono Boost)  
  38  6:44  Probe  
  38  6:56  Stalker  
  38  7:00  Probe  
  41  7:12  Probe  
  41  7:13  Probe  
  43  7:18  Pylon x2  
  43  7:25  Probe  
  43  7:26  Probe  
  44  7:32  Observer  
  44  7:35  Sentry  
  45  7:41  Sentry  
Tags
 
Add a new tag
Caveats
  • Supply blocks, unpowered buildings, or Contaminate may cause inaccurate times.
  • Supply counts are checked every 10 seconds.